 Dungeon Crawl Stone Soup version 0.16-a0-3691-gf72e470 (webtiles) character file.

141 ConnectionFaild the Charlatan (level 5, -1/25 HPs)
             Began as a Spriggan Artificer on Jan 18, 2015.
             Killed from afar by an orc wizard (7 damage)
             ... with a puff of flame
             ... on level 5 of the Dungeon.
             The game lasted 00:04:04 (1414 turns).

ConnectionFaild the Charlatan (Spriggan Artificer)  Turns: 1414, Time: 00:04:04

Health: -1/25      AC:  2    Str:  7    XL:     5   Next: 3%
Magic:  15/15      EV: 18    Int: 14    God:
Gold:   101        SH:  0    Dex: 17    Spells: 0 memorised, 4 levels left

rFire  . . .     SeeInvis +     a - +0 short sword
rCold  . . .     Clarity  .     p - +0 robe {rN+}
rNeg   + . .     SustAb   .     (shield restricted)
rPois  .         Gourm    .     (helmet restricted)
rElec  .         Spirit   .     (no cloak)
rCorr  .         Warding  .     (gloves unavailable)
rMut   .         Stasis   .     (boots unavailable)
MR     .....                    (no amulet)
Stlth  +++.......               (no ring)
                                (no ring)

@: very quick, not resistant to hostile enchantments, fairly stealthy
A: unfitting armour, see invisible, herbivore 3, speed 3, slow metabolism 2
a: no special abilities


You were on level 5 of the Dungeon.
You were not hungry.

You visited 2 branches of the dungeon, and saw 6 of its levels.

You collected 101 gold pieces.

Inventory:

Hand weapons
 a - a +0 short sword (weapon)
Missiles
 o - 6 needles of sleeping
Armour
 p - a +0 robe of positive energy (worn)
Magical devices
 b - a wand of flame (7)
 c - a wand of enslavement (11)
 d - a wand of random effects (13)
Scrolls
 h - a scroll of magic mapping {unknown}
 l - a scroll of fear {unknown}
 m - a scroll of remove curse {unknown}
 n - 2 scrolls of teleportation {unknown}
Potions
 g - a potion of agility {unknown}
 i - a potion of restore abilities {unknown}
 j - a potion of heal wounds {unknown}
 k - a potion of curing {unknown}
Comestibles
 f - a bread ration


   Skills:
 - Level 0.7 Fighting
 - Level 1.1 Short Blades
 - Level 3.0 Dodging
 + Level 5.3 Stealth
 + Level 6.5 Evocations


You had 4 spell levels left.
You didn't know any spells.

Dungeon Overview and Level Annotations

Branches:
Dungeon (5/15)             Temple (1/1) D:5

Altars:
Dithmenos
Elyvilon
Fedhas
Okawaru
Qazlal
Sif Muna
Trog
Vehumet
Xom
Yredelemnul
Zin
The Shining One


Innate Abilities, Weirdness & Mutations

You are tiny and cannot use many weapons and most armour.
You have supernaturally acute eyesight.
You are a herbivore.
You cover ground extremely quickly.
You need consume almost no food.


Message History

A bat comes into view.
Found 33 stones.
You hear the brisk rusting of a drain, a long way away.
The hound bites you. The hound bites you.
* * * LOW HITPOINT WARNING * * *
Found a stone staircase leading down.
The staircase is a mimic!
The staircase mimic snickers and vanishes in a puff of smoke!
You can't go down here!
Found a stone staircase leading down.
Found a war axe.
The orc wizard points at you and mumbles some strange words.
The puff of flame misses you.
Really walk into that cloud of steam?
Okay, then.
There is a staircase to the Ecumenical Temple here.
The orc wizard gestures at you while chanting.
The puff of flame hits you!
You die...

##..# b. #.....##.............#
##..... .....#.o.............
#.### #.#..[.(............. # .##
##.##.##.##........... ##.#
.##.......h.#........... ..#
#........................ ..##
#.#..⌠...⌠..#........... #..###
###.#.........#..........
.....###........@...............
..###....###.........#...........
..#####..###..⌠...⌠..#...........
...# ##........[................
...## #.#..#.........#..........
....###.#####.##.##.##..........
#......## #..##.#.............s
#......# #.###...............
#......# #.##............a..


You could see a hound and an orc wizard (invisible).

Vanquished Creatures
  4 orcs
  A centaur skeleton (D:4)
  A worker ant (D:5)
  Jessica (D:3)
  2 adders
  A bat zombie (D:5)
  A hobgoblin (D:1)
  A ball python (D:3)
  2 bats (D:1)
  A kobold (D:1)
  3 rats (D:5)
18 creatures vanquished.

Vanquished Creatures (collateral kills)
  An orc priest (D:4)
  A giant gecko (D:4)
  3 orcs (D:4)
5 creatures vanquished.

Vanquished Creatures (others)
  A worker ant (D:4)
  An orc wizard (D:5)
  A quokka (D:5)
3 creatures vanquished.

Grand Total: 26 creatures vanquished

Notes
Turn   | Place    | Note
--------------------------------------------------------------
     0 | D:1      | ConnectionFaild, the Spriggan Artificer, began the quest for the Orb.
     0 | D:1      | Reached XP level 1. HP: 9/9 MP: 2/2
   491 | D:3      | Reached XP level 2. HP: 9/14 MP: 5/5
   633 | D:3      | Noticed Jessica
   640 | D:3      | Killed Jessica
   640 | D:3      | Reached skill level 5 in Evocations
   640 | D:3      | Reached XP level 3. HP: 17/17 MP: 8/8
   888 | D:4      | Reached XP level 4. HP: 21/21 MP: 11/11
   951 | D:4      | Reached skill level 6 in Evocations
   967 | D:5      | Entered Level 5 of the Dungeon
  1066 | D:5      | Found a white marble altar of Elyvilon.
  1116 | D:5      | Noticed a phantom
  1133 | D:5      | Found a staircase to the Ecumenical Temple.
  1143 | Temple   | Entered the Ecumenical Temple
  1260 | D:5      | Reached skill level 5 in Stealth
  1287 | D:5      | Reached XP level 5. HP: 23/25 MP: 15/15
  1414 | D:5      | Killed from afar by an orc wizard

Action                   |  1- 3 |  4- 6 || total
-------------------------+-------+-------++-------
Melee: Short sword       |    32 |    27 ||    59
Evoke: Wand              |     8 |     6 ||    14
 Stab: Sleeping          |       |     1 ||     1
